cohdb
Replays
Latest Replays
All Replays
Popular Replays
Top Player Replays
Match Explorer
How It Works
Community
CoH3 Stats
Reddit
Sign in to upload your games and track your stats! →
Sign in with Steam
Match 27929227
Unlisted
Match 27929227
Overview
Messages
Build Orders
End
Construct Barracks
Riflemen Squad
Selects Advanced Infantry Battlegroup
M1 Mortar Team
Construct Weapon Support Center
Riflemen Squad
Infantry Support Center
Selects Ammunition Storage
M1918 Browning Automatic Rifles
Selects Convert to Ranger Squad
M3 Armored Personnel Carrier
Selects Frontline Medical Station
Frontline Medical Station
Construct Tank Depot
Engineer Squad
Convert to Ranger Squad
Selects M2A1 105mm Howitzer Emplacement
Convert to Ranger Squad
Selects Free Fire Drills
M4(105) Sherman Bulldozer
Engineer Squad
Ranger Squad
Selects Infantry Assault
墨书
PANDAKING
2587993550
MUDDYBOOTZ
Kannamix
MiniMarko
Bananenratte
Imperiale
0
0
Comments
sign in to comment!
No comments posted yet!